 Seeded DCSS version 0.30.0-10-gfe55d96785 (webtiles) character file.

Game seed: 13435958753314827705 (custom seed)

212 GigaChad the Shield-Bearer (level 6, -2/48 HPs)
             Began as a Formicid Fighter on May 16, 2023.
             Slain by Menkaure (20 damage)
             ... on level 4 of the Dungeon.
             The game lasted 00:03:06 (2718 turns).

GigaChad the Shield-Bearer (Formicid Fighter)       Turns: 2718, Time: 00:03:06

Health: -2/48      AC:  7    Str: 23    XL:     6   Next: 14%
Magic:  6/6        EV:  8    Int:  4    God:
Gold:   203        SH:  9    Dex: 13    Spells: 5/5 levels left

rFire   . . .        l - +8 executioner's axe "Biem" {drain, Fragile rPois rC+++ Int-3}
rCold   + + +        e - +0 kite shield
rNeg    . . .        b - +0 scale mail
rPois   +            (helmet unavailable)
rElec   .            k - scarf {repulsion}
rCorr   .            (no gloves)
SInv    +            (no boots)
Will    .....        (no amulet) Stlth
                     (no ring)
HPRegen 0.28/turn    (no ring)
MPRegen 0.10/turn

%: repel missiles
@: studying Shields
A: permanent stasis, dig shafts and tunnels, antennae 3, four strong arms
a: Dig, Shaft Self


You were on level 4 of the Dungeon.
You visited 1 branch of the dungeon, and saw 4 of its levels.

You collected 203 gold pieces.

Inventory:

Hand Weapons
 a - a +0 war axe
 l - the +8 executioner's axe "Biem" (weapon) {drain, Fragile rPois rC+++ Int-3}
   (You acquired it on level 2 of the Dungeon)

   Int:       It affects your intelligence (-3).
   rC:        It renders you almost immune to cold.
   rPois:     It protects you from poison.
   Fragile:   It will be destroyed if unequipped.
Missiles
 p - a throwing net
Armour
 b - a +0 scale mail (worn)
 c - a +0 buckler
 e - a +0 kite shield (worn)
 k - a scarf of repulsion (worn)
Jewellery
 i - a ring of fire
 o - an amulet of guardian spirit
 s - a ring of fire
Scrolls
 f - a scroll of identify
 j - 4 scrolls of teleportation {unknown}
 m - a scroll of poison {unknown}
 q - a scroll of magic mapping {unknown}
 t - a scroll of enchant armour {unknown}
Potions
 d - a potion of might
 g - 3 potions of curing {unknown}
 h - a potion of haste
 n - a potion of resistance {unknown}
 r - a potion of lignification {unknown}


   Skills:
 * Level 4.0 Fighting
 * Level 4.4 Axes
 * Level 4.3 Armour
 * Level 5.2 Shields


You had 5 spell levels left.
You didn't know any spells.
Your spell library contained the following spells:

 Spells                   Type           Power      Damage    Failure   Level
 Magic Dart               Conj           0%         1d3       96%         1
 Call Imp                 Summ           0%         N/A       99%         2
 Mephitic Cloud           Conj/Pois/Air  0%         N/A       100%        3


Dungeon Overview and Level Annotations

Branches:
Dungeon (4/15)
 Temple: D:4-7

Altars:
Makhleb
Uskayaw

Annotations:
D:4 Menkaure


Innate Abilities, Weirdness & Mutations

You cannot be hasted, slowed, berserked, paralysed or teleported.
You can dig through walls and to a lower floor.
You have a pair of large antennae on your head. (SInv)
Your four strong arms can wield two-handed weapons with a shield.


Message History

Unknown command.
You closely miss the gnoll. The gnoll completely misses you.
Unknown command.
You closely miss the gnoll. The gnoll hits you with a +0 spear.
You block the gnoll's attack.
Unknown command.
You slash the gnoll!
You kill the gnoll!
Unknown command.
You see here a +0 spear.
Unknown command.
Key pressed, stopping explore.
HP restored.
Menkaure, Prince of Dust comes into view.
Menkaure shouts!
Menkaure moves out of view.
Menkaure and an endoplasm come into view.
The endoplasm quivers.
There are monsters nearby!
Menkaure hits you!
You barely miss Menkaure.
Menkaure calls on the powers of darkness!
Your body is wracked with pain!
The endoplasm convulses!
You are too injured to fight recklessly!
You are too injured to fight recklessly!
You are too injured to fight recklessly!
You are too injured to fight recklessly!
You are too injured to fight recklessly!
You are too injured to fight recklessly!
You are too injured to fight recklessly!
You are too injured to fight recklessly!
You are too injured to fight recklessly!
You are too injured to fight recklessly!
Unknown command.
You are too injured to fight recklessly!
Unknown command.
You are too injured to fight recklessly!
Unknown command.
You barely miss Menkaure. Menkaure hits you!!
You die...

.# .. ##.#....#...
##.#..#.#.#..#
#####..$.....#...#
...#.#.#.#.......
#......J.#.....#
#....#...#..# #
#...#.#...#...#
####....#.@M..#
..#........#..#
#.#.............#
{ #.#.####..#####
# #...# #..##.#
##..####.###.#
#........##.#
#)>......##.# #
##)).....##.#


You could see Menkaure and an endoplasm.

Vanquished Creatures
  7 gnolls
  7 adders
  2 dart slugs
  5 ball pythons
  7 endoplasms
  4 giant cockroaches
  6 goblins
  9 hobgoblins
  5 jackals
  6 kobolds
  2 quokkas (D:1)
  3 bats (D:1)
  7 frilled lizards
  7 rats
77 creatures vanquished.

Notes
Turn   | Place    | Note
-------+----------+-------------------------------------------
     0 | D:1      | GigaChad the Formicid Fighter began the quest for the Orb.
     0 | D:1      | Reached XP level 1. HP: 18/18 MP: 1/1
    38 | D:1      | Reached XP level 2. HP: 21/24 MP: 2/2
   304 | D:1      | Reached XP level 3. HP: 17/29 MP: 3/3
   680 | D:1      | Found a faded altar of an unknown god.
  1191 | D:2      | Reached XP level 4. HP: 36/36 MP: 4/4
  1212 | D:2      | Found a hide-covered altar of Uskayaw.
  1258 | D:2      | Identified 2 scrolls of acquirement
  1258 | D:2      | Acquired the +8 executioner's axe "Biem" {drain, Fragile
                  | rPois rC+++ Int-3}
  1262 | D:2      | Acquired a manual of Shields
  1468 | D:2      | Reached XP level 5. HP: 41/42 MP: 5/5
  1739 | D:3      | Found a burning altar of Makhleb.
  1919 | D:3      | Reached skill level 5 in Shields
  2596 | D:4      | Reached XP level 6. HP: 28/48 MP: 6/6
  2713 | D:4      | Noticed Menkaure
  2718 | D:4      | Slain by Menkaure

Illustrated notes

Levels and vault maps discovered:
D:1:      scummos_arrival_forest, layout_loops_corners,
          shapermc_ecumenical_altar_hornbeckon
D:2:      layout_rooms, basic_altar, roderic_roman_lattice,
          dreamdust_mushroom_princess
D:3:      layout_loops_ring, overflow_temple_1_default
D:4:      minmay_angry_zag, layout_basic, minmay_misc_feat_tower,
          minmay_statues_item, hangedman_decor_opposing, uniq_pikel,
          uniq_menkaure, uniq_sigmund

Skill      XL: |  1  2  3  4  5 |
---------------+----------------+-----
Axes           | 3 4 |  4.4
Armour         | 4 |  4.3
Shields        | 5 |  5.2
Fighting       | 4 |  4.0

Action                     |  1- 3 |  4- 6 || total
---------------------------+-------+-------++-------
  Melee: War axe           |   103 |     2 ||   105
         Executioner's axe |       |    58 ||    58
    Use: Scroll            |     1 |     3 ||     4
 Armour: Scale mail        |    57 |    27 ||    84
  Dodge: Dodged            |    50 |    23 ||    73
  Block: Buckler           |     3 |       ||     3
         Kite shield       |    34 |    39 ||    73
